 Dungeon Crawl Stone Soup version 0.28.0-53-g5a82cb258f (webtiles) character file.

Game seed: 12987651255236999892

7474 Peloso the Carver (level 10, -5/89 HPs)
             Began as a Minotaur Fighter on July 18, 2022.
             Was a Follower of Okawaru.
             Slain by a slime creature (9 damage)
             ... on level 9 of the Dungeon.
             The game lasted 00:17:23 (9224 turns).

Peloso the Carver (Minotaur Fighter)                Turns: 9224, Time: 00:17:23

Health: -5/89      AC: 19    Str: 28    XL:     10   Next: 94%
Magic:  9/9        EV:  9    Int:  5    God:    Okawaru [*.....]
Gold:   461        SH: 12    Dex: 19    Spells: 9/9 levels left

rFire   . . .      SeeInvis .   a - +1 long sword
rCold   . . .      Faith    .   c - +0 buckler
rNeg    . . .      Spirit   .   i - +1 plate armour
rPois   .          Reflect  +   l - +2 hat
rElec   .          Harm     .   (no cloak)
rCorr   .          Rampage  .   (no gloves)
Will    .....                   o - +0 pair of boots
Stlth   ..........              D - amulet of reflection
HPRegen 0.24/turn               A - +6 ring of strength
MPRegen 0.11/turn               m - +6 ring of dexterity

@: no status effects
A: horns 2, retaliatory headbutt
a: Renounce Religion, Heroism


You were on level 9 of the Dungeon.
You worshipped Okawaru.
Okawaru was aware of your devotion.
You visited 2 branches of the dungeon, and saw 10 of its levels.
You also visited: Bailey.

You collected 461 gold pieces.

Inventory:

Hand Weapons
 a - a +1 long sword (weapon)
Missiles
 p - 2 throwing nets (quivered)
Armour
 b - a +0 scale mail
 c - a +0 buckler (worn)
 i - a +1 plate armour (worn)
 l - a +2 hat (worn)
 o - a +0 pair of boots (worn)
Jewellery
 m - a +6 ring of dexterity (right hand)
 n - a ring of ice
 u - an amulet of the acrobat
 A - a +6 ring of strength (left hand)
 D - an amulet of reflection (around neck)
 E - a ring of see invisible
 G - a ring of willpower
Wands
 e - a wand of digging (5)
 s - a wand of polymorph (9)
 I - a wand of paralysis (4)
Scrolls
 f - 11 scrolls of teleportation
 h - 2 scrolls of immolation
 k - 2 scrolls of fear
 q - a scroll of enchant weapon
 r - a scroll of summoning
 t - a scroll of fog
 v - a scroll of amnesia
 y - a scroll of enchant armour
 H - a scroll of identify
Potions
 d - a potion of magic
 g - 3 potions of heal wounds
 j - 2 potions of brilliance {unknown}
 w - 2 potions of experience
 x - 5 potions of mutation {unknown}
 z - a potion of flight {unknown}
 B - a potion of resistance {unknown}
 C - 4 potions of cancellation {unknown}
 F - a potion of might


   Skills:
 + Level 8.3 Fighting
 + Level 13.2 Long Blades
 + Level 10.1 Armour
 + Level 3.3 Dodging
 + Level 0.7 Stealth
 + Level 9.4 Shields


You had 9 spell levels left.
You didn't know any spells.
Your spell library contained the following spells:

 Spells                   Type           Power      Damage    Failure   Level
 Ensorcelled Hibernation  Hex/Ice        0%         N/A       100%        2
 Sublimation of Blood     Necr           0%         N/A       100%        2
 Wereblood                Tmut           0%         N/A       100%        2
 Dazzling Flash           Conj/Hex       0%         N/A       100%        3
 Ozocubu's Armour         Ice            0%         N/A       100%        3
 Spider Form              Tmut/Pois      0%         N/A       100%        3
 Anguish                  Hex/Necr       0%         N/A       100%        4
 Agony                    Necr           0%         N/A       100%        5
 Silence                  Hex/Air        0%         N/A       100%        5
 Ozocubu's Refrigeration  Ice            0%         4d5       100%        7
 Summon Hydra             Summ           Unusable   N/A       N/A         7

Dungeon Overview and Level Annotations

Branches:
Dungeon (9/15)             Temple (1/1) D:7          Bailey (visited)
   Lair: D:8-11         Orc: D:9-12

Altars:
Ashenzari
Cheibriados
Dithmenos
Elyvilon
Gozag
Hepliaklqana
Kikubaaqudgha
Makhleb
Okawaru
Qazlal
Trog
Vehumet
Wu Jian
Xom
Yredelemnul
Zin
The Shining One

Shops:
D:4 (

Annotations:
D:8 2 transporters, kalagan's ghost, novice DECj


Innate Abilities, Weirdness & Mutations

You have a pair of horns on your head.
You reflexively headbutt those who attack you in melee.


Message History

You hit the orc warrior. Your headbutt misses the orc warrior.
The orc warrior is moderately wounded.
The orc warrior hits you with a +0 scimitar!
You slash the orc warrior!
The orc warrior is heavily wounded.
The orc warrior hits you but does no damage.
You closely miss the orc warrior. You headbutt the orc warrior.
The orc warrior is severely wounded.
The orc warrior hits you with a +0 scimitar!
You hit the orc warrior. You headbutt the orc warrior.
The orc warrior is almost dead.
You block the orc warrior's attack.
You slash the orc warrior!
You kill the orc warrior!
Okawaru accepts your kill.
You hit the basilisk. Your headbutt misses the basilisk.
The basilisk is lightly wounded.
You block the basilisk's attack.
You slash the basilisk! You headbutt the basilisk.
The basilisk is heavily wounded.
You slash the basilisk! You headbutt the basilisk.
You kill the basilisk!
Okawaru accepts your kill.
You slash the slime creature! You headbutt the slime creature!
The slime creature is heavily wounded.
The slime creature hits you!
You barely miss the slime creature.
The slime creature is moderately wounded.
The slime creature hits you!
* * * LOW HITPOINT WARNING * * *
You hit the slime creature but do no damage.
The slime creature is moderately wounded.
The slime creature hits you!
* * * LOW HITPOINT WARNING * * *
You slice the slime creature!! You headbutt the slime creature!
The slime creature is almost dead.
You hit the slime creature.
The slime creature is almost dead.
The slime creature hits you!
You die...

#J# #. #'### #.. #..#
#.. #.###.## #..
+..(..'## +.. #.###.#.#
#.. #).#..#?o...#..
#.###+#####'#####+###..
#.....@J..)............
##################.....
#.#### #.# # ..# # .##.
. #. . # . .. [. ..


You could see a slime creature.

Vanquished Creatures
  An orc warlord (Bailey)
  A two-headed ogre (D:7)
  2 orc knights (Bailey)
  Joseph (D:7)
  A komodo dragon (D:6)
  A wraith (D:6)
  4 yaks (D:9)
  A basilisk (D:9)
  Menkaure (D:7)
  Edmund (D:4)
  3 water moccasins
  An acid dragon (D:9)
  A black bear (D:4)
  3 orc warriors
  A sky beast (D:6)
  Duvessa (D:4)
  A hornet zombie (D:7)
  2 ice beasts
  3 necrophages
  2 ogres
  A centaur (D:7)
  3 kobold brigands
  2 bullfrogs
  A scorpion (D:6)
  A water moccasin zombie (D:7)
  Dowan (D:4)
  3 wights (D:8)
  2 vampire bats (D:4)
  A howler monkey (D:7)
  2 bullfrog zombies (D:6)
  5 centaur zombies
  3 hounds
  2 jellies
  A bullfrog skeleton (D:6)
  2 orc priests
  2 iguanas (D:5)
  4 orc wizards
  A howler monkey zombie (D:5)
  Robin (D:3)
  4 gnolls (Bailey)
  7 adders
  3 white imps (D:6)
  An ufetubus (D:5)
  An adder skeleton (D:4)
  4 worms
  3 dart slugs
  31 orcs
  6 ball pythons
  3 bat skeletons (D:4)
  3 bat zombies (D:4)
  2 endoplasms (D:2)
  2 giant cockroaches (D:2)
  13 hobgoblins
  8 jackals
  34 kobolds
  5 quokkas
  4 bats
  2 frilled lizards
  16 goblins
  3 rats
225 creatures vanquished.

Vanquished Creatures (others)
  6 plants (D:8)
6 creatures vanquished.

Grand Total: 231 creatures vanquished

Notes
Turn   | Place    | Note
-------+----------+-------------------------------------------
     0 | D:1      | Peloso the Minotaur Fighter began the quest for the Orb.
     0 | D:1      | Reached XP level 1. HP: 19/19 MP: 0/0
   405 | D:1      | Reached XP level 2. HP: 27/27 MP: 1/1
   811 | D:2      | Reached XP level 3. HP: 20/33 MP: 2/2
  1163 | D:2      | Reached skill level 3 in Long Blades
  1710 | D:3      | Reached XP level 4. HP: 36/41 MP: 3/3
  1866 | D:3      | Noticed Robin
  1899 | D:3      | Killed Robin
  1900 | D:3      | Reached skill level 4 in Long Blades
  2163 | D:3      | Found a shadowy altar of Dithmenos.
  2220 | D:3      | Reached XP level 5. HP: 46/47 MP: 4/4
  2580 | D:4      | Noticed a black bear
  2590 | D:4      | Killed a black bear
  2591 | D:4      | Reached skill level 5 in Armour
  2653 | D:4      | Reached skill level 5 in Long Blades
  2653 | D:4      | Reached XP level 6. HP: 52/53 MP: 5/5
  2703 | D:4      | Noticed Edmund
  2714 | D:4      | Killed Edmund
  2715 | D:4      | Found Xoxelyuq's Antique Weapon Emporium.
  2852 | D:4      | Found an ancient bone altar of Kikubaaqudgha.
  2865 | D:4      | Reached skill level 5 in Fighting
  2865 | D:4      | Reached skill level 6 in Long Blades
  2939 | D:4      | Reached XP level 7. HP: 43/61 MP: 6/6
  3045 | D:4      | Found a shimmering altar of Xom.
  3123 | D:4      | Noticed Duvessa
  3123 | D:4      | Noticed Dowan
  3139 | D:4      | Killed Duvessa
  3140 | D:4      | Reached skill level 5 in Shields
  3145 | D:4      | Killed Dowan
  3622 | D:4      | Found a glowing silver altar of Zin.
  3642 | D:4      | Reached skill level 1 in Dodging
  3804 | D:4      | Reached skill level 7 in Long Blades
  3831 | D:5      | Entered Level 5 of the Dungeon
  4203 | D:5      | Reached XP level 8. HP: 69/69 MP: 7/7
  4682 | D:5      | Found a glowing golden altar of the Shining One.
  4897 | D:6      | Reached skill level 8 in Long Blades
  5101 | D:6      | Reached skill level 9 in Long Blades
  5389 | D:6      | Found an opulent altar of Gozag.
  5491 | D:6      | Found a burning altar of Makhleb.
  5577 | D:6      | Noticed a komodo dragon
  5588 | D:6      | Killed a komodo dragon
  5589 | D:6      | Reached XP level 9. HP: 78/78 MP: 8/8
  5631 | D:6      | Reached skill level 10 in Long Blades
  6112 | D:7      | Found a snail-covered altar of Cheibriados.
  6265 | D:7      | Found a flagged portal.
  6277 | Bailey   | Entered a bailey
  6307 | Bailey   | Noticed an orc warlord
  6378 | Bailey   | Noticed an orc knight
  6379 | Bailey   | Noticed an orc knight
  6437 | Bailey   | Killed an orc knight
  6438 | Bailey   | Reached skill level 11 in Long Blades
  6441 | Bailey   | Killed an orc knight
  6842 | Bailey   | Found a runed translucent gate.
  6844 | Bailey   | Found a runed translucent gate.
  6846 | Bailey   | Found a runed translucent gate.
  6991 | Bailey   | Killed an orc warlord
  6992 | Bailey   | Reached skill level 12 in Long Blades
  6992 | Bailey   | Reached XP level 10. HP: 32/88 MP: 9/9
  7460 | D:7      | Found a broken altar of Ashenzari.
  7500 | D:7      | Found a staircase to the Ecumenical Temple.
  7506 | D:7      | Noticed Menkaure
  7513 | D:7      | Killed Menkaure
  7673 | D:7      | Noticed a two-headed ogre
  7681 | D:7      | Killed a two-headed ogre
  7933 | D:7      | Found a basalt altar of Yredelemnul.
  8045 | D:7      | Noticed Joseph
  8061 | D:7      | Killed Joseph
  8174 | Temple   | Entered the Ecumenical Temple
  8211 | Temple   | Became a worshipper of Warmaster Okawaru
  8308 | D:8      | Found a transporter.
  8335 | D:8      | Identified the ring "Forget-Me-Not" {Fire Will- Str+4}
  8494 | D:8      | Reached skill level 13 in Long Blades
  8793 | D:8      | Identified the +7 trident "Xuestuge" {vamp, rPois rN+
                  | Str-5}
  8793 | D:8      | Identified the +5 scale mail of the Vaults {rPois Str+5}
  8793 | D:8      | Identified the +0 kite shield "Boagru" {rElec Will++ Dex-2}
  8809 | D:8      | Noticed kalagan's ghost (novice DECj)
  8833 | D:8      | Found a transporter.
  9010 | D:9      | Reached skill level 10 in Armour
  9020 | D:9      | Reached * piety under Okawaru
  9222 | D:9      | HP: 3/89 [slime creature (12)]
  9224 | D:9      | Slain by a slime creature

Illustrated notes

Levels and vault maps discovered:
D:1:      dpeg_arrival_refuge, layout_loops_ring, minmay_misc_feat_chi
D:2:      minmay_spotlight, layout_rooms, grunt_decor_junction,
          minmay_quadrilaterals
D:3:      layout_loops_ring, nicolae_dithmenos_through_a_glass_darkly,
          uniq_robin
D:4:      layout_gridville, kennysheep_mini_moat, kennysheep_vampire_church,
          lemuel_crystal_altar, serial_shops, nicolae_square_shop, uniq_edmund,
          uniq_duvessa
D:5:      layout_loops_cross, nicolae_tso_swordbearing_angel
D:6:      layout_loops_corners, mainiacjoe_overflow_alcove_2,
          mainiacjoe_overflow_surrounded_room, kennysheep_generic_room_15
D:7:      layout_gridville, kennysheep_slug_shrine,
          mainiacjoe_overflow_24_doors, nicolae_overflow_crystal_walls,
          minmay_temple_entry_glassed_door, enter_bailey_5,
          minmay_misc_feat_plants, chequers_garden, columned_hall_lemuel,
          kennysheep_generic_room_12, uniq_joseph, uniq_menkaure
D:8:      layout_basic, gammafunk_ghost_gnarly_gnolls, minmay_unpleasant_kobolds
D:9:      minmay_the_grid_square_5x5_3x3
          [minmay_the_grid_square_5x5_doubleslash,
          minmay_the_grid_square_5x5_shrine2, minmay_the_grid_square_5x5_n,
          minmay_the_grid_square_5x5_inset,
          minmay_the_grid_square_5x5_megaprize_checkered,
          minmay_the_grid_square_5x5_bracketed,
          minmay_the_grid_square_5x5_three, minmay_the_grid_square_5x5_dogpile,
          minmay_the_grid_square_5x5_checkered], layout_basic, tgw_sif,
          minmay_misc_feat_room
Temple:   jpeg_temple_island

Skill      XL: |  1  2  3  4  5  6  7  8  9 10 |
---------------+-------------------------------+-----
Armour         | 4 5 6 7 8 10 | 10.1
Fighting       | 4 5 6 7 8 |  8.3
Long Blades    | 3 4 5 6 7 9 12 13 | 13.2
Shields        | 4 5 6 7 9 |  9.4
Dodging        | 1 2 3 |  3.3
Stealth        | |  0.7

Action                   |  1- 3 |  4- 6 |  7- 9 | 10-12 || total
-------------------------+-------+-------+-------+-------++-------
Melee: Long sword        |    93 |    99 |   338 |   205 ||   735
       Headbutt          |    15 |    13 |    76 |    46 ||   150
  Use: Scroll            |       |       |    16 |     1 ||    17
       Potion            |       |       |     4 |       ||     4
Armor: Scale mail        |    10 |       |       |       ||    10
       Chain mail        |    30 |       |       |       ||    30
       Plate armour      |    13 |   119 |   137 |    83 ||   352
Dodge: Dodged            |    36 |    46 |   106 |    52 ||   240
Block: Buckler           |    22 |    34 |   112 |   102 ||   270
       Reflection        |       |       |    11 |     9 ||    20
